Ivruqajahr, chaotic male elven Wizard ------ --.... --- ---..... .. ----.......- .. -..........| --.. ..........-- ...-- ..........-- ....--- .......*.. .....^ -........---.....----.- .......--.......|... -...G!............--- |...................- -.......-........... .......)........ --..........- |.......h..- |....).--@.| --...)------ --.--- --- Ivruqajahr the Conjurer Experience level: 5 Strength: 10 Dexterity: 13 Constitution: 12 Intelligence: 18 Wisdom: 9 Charisma: 12 Health: 0(18) Energy: 17(25) Def: 5 Gold: 0 Moves: 1513 Dungeon seed: L5OLmjcVpPgBvY_q Game ID: Ivruqajahr_1534161294 Your Inventory: Weapons D - a blessed +1 quarterstaff (weapon in hands) Armor e - an uncursed +0 cloak of magic resistance (being worn) n - an uncursed +0 dwarvish iron helm (being worn) q - a cursed +0 pair of high boots (being worn) Comestibles G - an uncursed tripe ration M - an uncursed food ration Potions E - a cursed potion of full healing Scrolls L - an uncursed scroll of confuse monster Amulets C - an uncursed amulet of reflection (being worn) Wands b - an uncursed wand of striking (0:6) u - a cursed wand of polymorph (0:5) x - an uncursed wand of teleportation (0:7) y - an uncursed wand of striking (0:5) F - a cursed wand of fire (0:5) Tools a - a cursed sack o - an uncursed skeleton key t - a cursed tin whistle v - a cursed oil lamp (0:1088) w - an uncursed blindfold K - an uncursed leather drum Contents of the sack: 311 gold pieces an uncursed +0 dagger an uncursed egg 2 cursed eggs 3 uncursed food rations 2 uncursed lichen corpses 2 uncursed tins of spinach 2 uncursed tripe rations a cursed tripe ration an uncursed potion of paralysis an uncursed scroll of enchant weapon an uncursed scroll of taming a blessed spellbook of detect unseen a blessed spellbook of magic missile a cursed figurine of a male yeti an uncursed wooden harp Spells and supernatural/magical abilities: Spell marked with ':' is quivered. Name Level Category Cost Memory a - force bolt 1 : attack 5pw 98% I - identify 2 divination 14pw 100% W - pray for help -- divine ? -- Your skills at the end: Fighting Skills wands [Basic] Weapon Skills quarterstaff [Basic] Spellcasting Skills attack spells [Basic] enchantment spells [Basic] Final Attributes: You were piously aligned. You were immune to sleep. You were magic resistant. You saw invisible. You had infravision. You had reflection. Anhur was noncommittal. You are dead. Vanquished creatures: a dwarf lord a gnome lord a black naga hatchling 4 dwarves a yellow mold a green mold 17 gnomes 4 jackals 2 kobolds a goblin 4 sewer rats 2 grid bugs 4 lichens a kobold zombie 2 newts 46 creatures vanquished. Voluntary challenges: You were an atheist. You used a wielded weapon 29 times, starting on turn 23. You read items or engraved 8 times, starting on turn 31. You never genocided any monsters. You never polymorphed an object. You never changed form. You used no wishes. You never split a pudding. You never wrote Elbereth's name. You never violated your personal moral code. Dungeon overview: The Dungeons of Doom: levels 1 to 2 Level 1 a sink a long staircase Level 2 a general store, a vault stairs to The Gnomish Mines The Gnomish Mines: levels 3 to 5 Level 3 stairs to The Dungeons of Doom Level 4 Level 5 <- You were here History has recorded: On T:1 you entered the Dungeons of Doom to retrieve the Amulet of Yendor! On T:408 you reached level 2 of The Dungeons of Doom. On T:488 you advanced to experience level 2. On T:698 you advanced to experience level 3. On T:748 you reached level 1 of The Gnomish Mines. On T:1097 you reached level 2 of The Gnomish Mines. On T:1132 you advanced to experience level 4. On T:1379 you advanced to experience level 5. On T:1451 you reached level 3 of The Gnomish Mines. Score breakdown: Gold: 311 ( 8484 points) Experience: 5 levels (11141 points) Exploration: 5 levels ( 10.64%) ( 8846 points) Discoveries: 19 items ( 6.62%) ( 7718 points) Valuables value: (no points given unless you survive) Artifact value: 0 ( 0 points) Variety of kills: 15 monsters ( 3.95%) ( 5960 points) Turncount: 1513 turns ( 0 points) Survival: died (score multiplied by 80%) Total score: 33719 Latest messages: You are hit by a crossbow bolt! The gnome wields a dagger! The gnome shoots a crossbow bolt! The crossbow bolt hits the gnome. The gnome thrusts his dagger at you. The gnome hits! [6 turns] You drop a male dwarf corpse. Your movements are only slowed slightly by your load. The gnome shoots a crossbow bolt! The crossbow bolt hits the gnome. The gnome is killed! You faint from lack of food. The hobbit can see again. The gnome shoots a crossbow bolt! You are almost hit by a crossbow bolt. The hobbit picks up a few items from the floor. The hobbit wields a crude spear! The hobbit thrusts his crude spear at you. The hobbit hits! The hobbit thrusts his crude spear at you. The hobbit hits! You die... Final status: Goodbye Ivruqajahr the Wizard, killed by a hobbit, while fainted from lack of food... You died in The Gnomish Mines on dungeon level 5 with 33719 points, and 311 pieces of gold, after 1513 moves. You were level 5 with a maximum of 18 hit points when you died.